 Dungeon Crawl Stone Soup version 0.30-a0-1114-gd936c97349 (webtiles) character file.

Game seed: 13739304684391040113

13 leviel the Chopper (level 2, 0/25 HPs)
             Began as a Hill Orc Reaver on Apr 21, 2023.
             Slain by a bat (1 damage)
             ... on level 1 of the Dungeon.
             The game lasted 00:00:30 (194 turns).

leviel the Chopper (Hill Orc Reaver)                 Turns: 194, Time: 00:00:30

Health: 0/25       AC:  3    Str: 14    XL:     2   Next: 37%
Magic:  4/4        EV: 11    Int: 13    God:
Gold:   8          SH:  0    Dex:  9    Spells: 3/4 levels left

rFire   . . .      SeeInvis .    a - +0 hand axe
rCold   . . .      Faith    .    (no shield)
rNeg    . . .      Spirit   .    b - +0 leather armour
rPois   .          Reflect  .    (no helmet)
rElec   .          Rampage  .    (no cloak)
rCorr   .                        (no gloves)
Will    .....                    (no boots)
Stlth   +                        (no amulet)
HPRegen 0.24/turn                (no ring)
MPRegen 0.09/turn                (no ring)

@: no status effects
A: no striking features
a: no special abilities


You were on level 1 of the Dungeon.
You visited 1 branch of the dungeon, and saw 1 of its levels.

You collected 8 gold pieces.

Inventory:

Hand Weapons
 a - a +0 hand axe (weapon)
Armour
 b - a +0 leather armour (worn)


   Skills:
 + Level 2.7 Fighting
 + Level 4.2 Axes
 + Level 1.7 Dodging
 + Level 1.7 Spellcasting
 + Level 3.1 Conjurations


You had 3 spell levels left.
You knew the following spells:

 Your Spells              Type           Power      Damage    Failure   Level
a - Kiss of Death         Conj/Necr      20%        2d7       17%         1

Your spell library contained the following spells:

 Spells                   Type           Power      Damage    Failure   Level
 Momentum Strike          Conj/Tloc      10%        3d8       26%         2
 Sting                    Tmut/Pois      4%         1d3       32%         1
 Poisonous Vapours        Pois/Air       2%         N/A       45%         2
 Hailstorm                Conj/Ice       5%         3d4       45%         3
 Olgreb's Toxic Radiance  Pois           1%         N/A       97%         4


Dungeon Overview and Level Annotations

Branches:
Dungeon (1/15)

Altars:


Message History

You are too injured to fight recklessly!
You are too injured to fight recklessly!
You are too injured to fight recklessly!
You are too injured to fight recklessly!
You are too injured to fight recklessly!
You are too injured to fight recklessly!
You are too injured to fight recklessly!
You are too injured to fight recklessly!
You are too injured to fight recklessly!
You are too injured to fight recklessly!
You are too injured to fight recklessly!
You are too injured to fight recklessly!
You closely miss the ball python. You barely miss the bat.
You closely miss the rat. You hit the hobgoblin.
The bat hits you but does no damage. The rat barely misses you.
The hobgoblin hits you. The ball python bites you. The ball python grabs you.
The ball python constricts you.
You hit the ball python.
The ball python is heavily wounded.
You hit the rat but do no damage. You hit the hobgoblin but do no damage.
The rat barely misses you. The hobgoblin hits you. The ball python bites you.
The ball python constricts you. The bat closely misses you.
You closely miss the ball python.
The ball python is heavily wounded.
You closely miss the rat. You closely miss the hobgoblin.
You barely miss the bat. The bat hits you but does no damage.
The ball python bites you. The ball python constricts you.
The rat bites you but does no damage. The hobgoblin hits you.
* * * LOW HITPOINT WARNING * * *
The ball python bites you but does no damage.
The ball python constricts you.
* * * LOW HITPOINT WARNING * * *
The hobgoblin hits you.
* * * LOW HITPOINT WARNING * * *
The rat bites you.
* * * LOW HITPOINT WARNING * * *
The bat barely misses you.
You escape the ball python's grasp.
The rat attacks as you move away! The rat closely misses you. The bat hits you.
You die...

#...# #...#######
#.......... #..........
#......[....# ###
#..K........# #..
#####[.rS.......# #..
.......bg.......# #..
.#.##..@........# #..
#...######..######..
#..##...#######.##...#..
#......................
#.#######.#.##..#...##.
# ........#.###.#...##.
#########.# #...####)
..# ###...... .#.
######.


You could see a hobgoblin, a bat, a ball python, a kobold and a rat.

Vanquished Creatures
  A dart slug (D:1)
  A ball python (D:1)
  An endoplasm (D:1)
  A giant cockroach (D:1)
  A goblin (D:1)
  A hobgoblin (D:1)
  A kobold (D:1)
  A bat (D:1)
  2 rats (D:1)
10 creatures vanquished.

Notes
Turn   | Place    | Note
-------+----------+-------------------------------------------
     0 | D:1      | leviel the Hill Orc Reaver began the quest for the Orb.
     0 | D:1      | Reached XP level 1. HP: 18/18 MP: 3/3
    77 | D:1      | Reached XP level 2. HP: 15/25 MP: 4/4
   193 | D:1      | HP: 1/25 [rat (1)]
   194 | D:1      | Slain by a bat

Illustrated notes

Levels and vault maps discovered:
D:1:      dpeg_arrival_orchard, layout_basic, minmay_split_cup_large

Action                     || total
---------------------------++-------
  Melee: Hand axe          ||    30
 Armour: Leather armour    ||    19
  Dodge: Dodged            ||    23

Table legend: (Time is in decaauts)
 A = Elapsed time spent in this place.
 B = Non-inter-level travel time spent in this place.
 C = Inter-level travel time spent in this place.
 D = Time resting spent in this place.
 E = Time spent auto-exploring this place.
 F = Levels seen in this place.
 G = Mean time per level.
                   A        B        C        D        E       F      G
               +--------+--------+--------+--------+--------+-----+--------+
         Total |    197 |    197 |      0 |     65 |     74 |   1 |  197.0 |
       Dungeon |    197 |    197 |      0 |     65 |     74 |   1 |  197.0 |
               +--------+--------+--------+--------+--------+-----+--------+

Top non-repeatable levels by time:
     D:1: 197 daAuts
